 Dungeon Crawl Stone Soup version 0.31.0-11-ge490571c62 (webtiles) character file.

Game seed: 3859351935020432281

79 protoss039 the Sneak (level 4, -1/29 HPs)
             Began as a Vampire Enchanter on Jan 30, 2024.
             Slain by Grinder (10 damage)
             ... on level 3 of the Dungeon.
             The game lasted 00:07:08 (2536 turns).

protoss039 the Sneak (Vampire Enchanter)            Turns: 2536, Time: 00:07:09

Health: -1/29      AC:  2    Str:  5 (7)  XL:     4   Next: 17%
Magic:  5/7        EV: 13    Int: 16 (17) God:
Gold:   108        SH:  0    Dex: 15 (16) Spells: 2/7 levels left

rFire   . . .        a - +1 dagger
rCold   . . .        (no shield)
rNeg    . . .        b - +0 robe
rPois   +            (no helmet)
rElec   .            (no cloak)
rCorr   .            (no gloves)
SInv    +            (no boots)
Will    .....        (no amulet)
Stlth   +++          d - ring of poison resistance
HPRegen 0.44/turn    c - ring of flight
MPRegen 0.10/turn

%: no passive effects
@: flying, healing quickly
A: alive, fangs 3, see invisible, vampiric 2, [frail 1]
a: Exsanguinate


You were on level 3 of the Dungeon.
You visited 1 branch of the dungeon, and saw 3 of its levels.

You collected 108 gold pieces.

Inventory:

Hand Weapons
 a - a +1 dagger (weapon)
Armour
 b - a +0 robe (worn)
Jewellery
 c - a ring of flight (right hand)
 d - a ring of poison resistance (left hand)
 l - a ring of resist corrosion
Scrolls
 e - a scroll of revelation {unknown}
 f - 2 scrolls of identify {unknown}
 h - a scroll of enchant armour {unknown}
 i - a scroll of silence {unknown}
Potions
 g - 2 potions of brilliance {unknown}
 j - a potion of curing {unknown}
 k - a potion of enlightenment {unknown}


   Skills:
 * Level 1.6 Fighting
 + Level 1.9 Short Blades
 + Level 2.7 Dodging
 + Level 5.0 Stealth
 + Level 2.2 Spellcasting
 + Level 4.7 Hexes
 + Level 1.0 Ice Magic


You had 2 spell levels left.
You knew the following spells:

 Your Spells              Type           Power      Damage    Failure   Level
a - Ensorcelled Hibernat  Hex/Ice        20%        N/A       10%         2
b - Confusing Touch       Hex            16%        N/A       9%          3

Your spell library contained the following spells:

 Spells                   Type           Power      Damage    Failure   Level
 Lesser Beckoning         Tloc           2%         N/A       30%         2
 Tukima's Dance           Hex            16%        N/A       9%          3
 Dazzling Flash           Conj/Hex       18%        N/A       24%         3
 Fugue of the Fallen      Necr           1%         N/A       52%         3
 Gell's Gravitas          Tloc           1%         N/A       52%         3
 Teleport Other           Tloc           1%         N/A       52%         3
 Anguish                  Hex/Necr       4%         N/A       61%         4


Dungeon Overview and Level Annotations

Branches:
Dungeon (3/15) Zot: 15490

Altars:
Ru

Shops:
D:1 [

Annotations:
D:2 1 exclusion
D:3 Grinder


Innate Abilities, Weirdness & Mutations

Your natural rate of healing is accelerated.
You have razor-sharp teeth.
You have supernaturally acute eyesight. (SInv)
You are afflicted with vampirism and can become a bat while bloodless.
[You are frail. (-10% HP)]


Message History

Unknown command.
Casting: Ensorcelled Hibernation (safe; 10% risk of failure)
Confirm with . or Enter, or press ? or * to list all spells.
Aiming: Ensorcelled Hibernation (safe; 10% risk of failure)
Press: ? - help, Shift-Dir - straight line, f - you
Okay, then.
Casting: Ensorcelled Hibernation (safe; 10% risk of failure)
Confirm with . or Enter, or press ? or * to list all spells.
Your hands begin to glow red.
Unknown command.
You fly downwards.
Level annotation: Grinder
There is a stone staircase leading up here.
You hit Grinder but do no damage. Grinder hits you.
You writhe in agony.
You hit Grinder but do no damage. Grinder misses you.
You hit Grinder but do no damage. Grinder hits you but does no damage.
You barely miss Grinder. Grinder hits you but does no damage.
You hit Grinder but do no damage.
Grinder appears confused.
You bite Grinder, but do no damage. Grinder hits you.
You writhe in agony.
You hit Grinder but do no damage. You hit Grinder but do no damage.
You hit Grinder.
Grinder is lightly wounded.
You barely miss Grinder.
Grinder is lightly wounded.
Grinder hits you.
You writhe in agony.
* * * LOW HITPOINT WARNING * * *
Grinder hits herself.
You are too injured to fight recklessly!
You are too injured to fight recklessly!
You are too injured to fight recklessly!
Unknown command.
Unknown command.
You hit Grinder but do no damage.
Grinder is lightly wounded.
You hit Grinder. You bite Grinder.
Grinder is moderately wounded.
Grinder hits you!
You die...

#####
#####...##
.......<.##
###.......#
#......>#######
#....@........#
##..5..######.#
#.....# #.#
#.###.# #†#####
#. #.# #.5...#
# #.# #####5#
#.# .# .. .# 5#


You could see Grinder (confused).

Vanquished Creatures
  2 adders (D:2)
  3 gnolls (D:2)
  A dart slug (D:2)
  2 ball pythons
  2 endoplasms
  A hobgoblin (D:2)
  6 jackals
  5 kobolds (D:1)
  A quokka (D:3)
  A bat (D:1)
  2 frilled lizards (D:1)
  2 goblins
  A rat (D:2)
29 creatures vanquished.

Notes
Turn   | Place    | Note
-------+----------+-------------------------------------------
     0 | D:1      | protoss039 the Vampire Enchanter began the quest for the
                  | Orb.
     0 | D:1      | Reached XP level 1. HP: 13/13 MP: 3/3
   220 | D:1      | Reached XP level 2. HP: 20/20 MP: 5/5
   223 | D:1      | Learned a level 2 spell: Ensorcelled Hibernation
   313 | D:1      | Reached skill level 1 in Fighting
   725 | D:1      | Found Hixkurch's Antique Armour Boutique.
   958 | D:2      | Found a sacrificial altar of Ru.
  1046 | D:2      | Gained mutation: You are afflicted with vampirism and can
                  | become a bat while bloodless. [Vampire growth]
  1046 | D:2      | Reached XP level 3. HP: 26/26 MP: 0/6
  1107 | D:2      | Learned a level 3 spell: Confusing Touch
  1577 | D:2      | HP: 1/20 [gnoll/+0 whip (5)]
  1880 | D:2      | Reached skill level 5 in Stealth
  2148 | D:2      | Reached XP level 4. HP: 8/29 MP: 0/7
  2262 | D:2      | Reached skill level 1 in Ice Magic
  2417 | D:3      | Noticed Grinder
  2536 | D:3      | Slain by Grinder

Illustrated notes

Levels and vault maps discovered:
D:1:      dpeg_arrival_court, layout_basic, serial_shops,
          nicolae_shop_waterfront, nrook_uturn
D:2:      layout_loops_corners, basic_altar, minmay_misc_feat_diagonals
D:3:      layout_loops_ring, lemuel_crystal_altar, mainiacjoe_overflow_brackets,
          kennysheep_generic_room_13, uniq_terence, uniq_grinder

Skill      XL: |  1  2  3  4 |
---------------+-------------+-----
Fighting       | 1 |  1.6
Stealth        | 5 |  5.0
Ice Magic      | 1 |  1.0
Short Blades   | |  1.9
Dodging        | |  2.7
Spellcasting   | |  2.2
Hexes          | |  4.7

Action                     |  1- 3 |  4- 6 || total
---------------------------+-------+-------++-------
  Melee: Dagger            |    79 |    27 ||   106
         Bite              |     5 |     2 ||     7
   Cast: Ensorcelled Hiber |    18 |     4 ||    22
         Confusing Touch   |     1 |     2 ||     3
Ability: End Transformatio |     1 |       ||     1
         Bat Form          |     1 |       ||     1
         Exsanguinate      |     1 |       ||     1
         Revivify          |     1 |       ||     1
    Use: Potion            |     2 |       ||     2
   Stab: Sleeping          |    12 |     3 ||    15
         Invisible         |     1 |       ||     1
         Confused          |     1 |       ||     1
 Armour: Robe              |    52 |    13 ||    65
  Dodge: Dodged            |    63 |    20 ||    83
